 Dungeon Crawl Stone Soup version 0.27-a0-1359-ga2a4dfd6fd (webtiles) character file.

Game seed: 8094526938373289835

21 basicallysejuani the Ruffian (level 2, 29/29 HPs)
             Began as a Troll Monk on June 29, 2021.
             Was a Believer of Kikubaaqudgha.
             Got out of the dungeon alive.
             The game lasted 00:04:13 (690 turns).

basicallysejuani the Ruffian (Troll Monk)            Turns: 690, Time: 00:04:13

Health: 29/29      AC:  4    Str: 18    XL:     2   Next: 62%
Magic:  1/1        EV: 10    Int:  6    God:    Kikubaaqudgha [**....]
Gold:   50         SH:  0    Dex: 12    Spells: 1/1 levels left

rFire    . . .     SeeInvis .     - Unarmed
rCold    . . .     Faith    .   (no shield)
rNeg     . . .     Spirit   .   a - +0 robe
rPois    .         Reflect  .   (helmet restricted)
rElec    .         Harm     .   (no cloak)
rCorr    .         Rampage  .   (gloves unavailable)
Will     .....                  (boots unavailable)
Stlth    ++........             (no amulet)
HPRegen  1.09/turn              (no ring)
MPRegen  0.07/turn              (no ring)

@: no status effects
A: large, unfitting armour, claws 3, regeneration 1, shaggy fur 1, tough skin 1
a: Renounce Religion, Receive Corpses


You escaped.
You worshipped Kikubaaqudgha.
Kikubaaqudgha was pleased with you.
You visited 1 branch of the dungeon, and saw 2 of its levels.

You collected 50 gold pieces.

Inventory:

Hand Weapons
 b - a +1 whip of pain
Missiles
 d - 31 poisoned darts (quivered)
Armour
 a - a +0 robe (worn)
Magical Staves
 h - a staff of cold
Scrolls
 c - a scroll of teleportation
 g - a scroll of enchant weapon {unknown}
Potions
 e - a potion of flight {unknown}
 f - a potion of curing {unknown}


   Skills:
 + Level 2.7 Fighting
 - Level 2.4 Dodging
 - Level 1.0 Stealth
 * Level 3.7 Unarmed Combat


You had one spell level left.
You didn't know any spells.
Your spell library contained the following spells:

 Spells                   Type           Power      Damage    Failure   Level
 Beastly Appendage        Tmut           0%         N/A       45%         1
 Pain                     Necr           0%         1d4       45%         1
 Corpse Rot               Necr/Air       N/A        N/A       58%         2
 Sublimation of Blood     Necr           0%         N/A       58%         2
 Wereblood                Tmut           0%         N/A       58%         2
 Spider Form              Tmut/Pois      0%         N/A       83%         3
 Vampiric Draining        Necr           0%         2d6       83%         3
 Ice Form                 Ice/Tmut       0%         N/A       99%         4


Dungeon Overview and Level Annotations

Branches:
Dungeon (2/15)

Altars:
Kikubaaqudgha

Shops:
D:1 [


Innate Abilities, Weirdness & Mutations

You are too large for most types of armour.
You have claws for hands.
Your natural rate of healing is unusually fast.
You are covered in fur. (AC +1)
You have tough skin. (AC +1)


Message History

Things that are here:
a +0 dagger; a stone; a kobold skeleton
There is a stone staircase leading down here.
You see here a +0 pair of boots.
A rat is nearby!
The rat bites you but does no damage.
You barely miss the rat. You closely miss the rat.
The rat bites you but does no damage.
You closely miss the rat. The rat bites you.
You barely miss the rat. The rat bites you but does no damage.
You closely miss the rat. The rat bites you.
You scratch the rat.
You kill the rat!
Kikubaaqudgha accepts your kill.
Done exploring.
Done exploring.
You see here a +0 pair of boots.
There is a stone staircase leading down here.
You climb downwards.
Found a stone staircase leading up.
There is a stone staircase leading up here.
Found a chain mail.
Unknown command.
Unknown command.
A bat comes into view.
A bat is nearby!
The bat hits you but does no damage. x2
You closely miss the bat. The bat hits you but does no damage.
You claw the bat!
You kill the bat!
Kikubaaqudgha accepts your kill.
You see here a bat corpse.
There is a stone staircase leading up here.
You climb upwards.
There is a stone staircase leading down here.
You see here a +0 club.
There is an open door here.
There is a staircase leading out of the dungeon here.
Are you sure you want to leave the Dungeon?
This will make you lose the game!
You have escaped!

##.....###...##≈≈≈#
#........'...'≈≈≈≈#
##........#...##≈≈≈#
.........###...#.≈≈#
.(......## #...##.≈#
###)....## ##...#.≈#
#.......# #...##>#
#.......# ##...###
#.......# ##.@.#
##.....## #####
##...## #####


There were no monsters in sight!

Vanquished Creatures
  A dart slug (D:1)
  A bat (D:2)
  An endoplasm (D:1)
  A giant cockroach (D:1)
  2 goblins (D:1)
  2 hobgoblins (D:1)
  2 ball pythons (D:1)
  4 kobolds (D:1)
  2 rats (D:1)
16 creatures vanquished.

Notes
Turn   | Place    | Note
-------+----------+-------------------------------------------
     0 | D:1      | basicallysejuani the Troll Monk began the quest for the
                  | Orb.
     0 | D:1      | Reached XP level 1. HP: 22/22 MP: 0/0
   153 | D:1      | Reached XP level 2. HP: 28/29 MP: 1/1
   280 | D:1      | Found Pefin's Antique Armour Shop.
   458 | D:1      | Found a faded altar of an unknown god.
   465 | D:1      | Became a worshipper of Kikubaaqudgha
   465 | D:1      | Reached * piety under Kikubaaqudgha
   465 | D:1      | Received a gift from Kikubaaqudgha
   465 | D:1      | Reached ** piety under Kikubaaqudgha
   690 | D:$      | Got out of the dungeon alive.

Illustrated notes

Levels and vault maps discovered:
D:1:      evilmike_arrival_crescent, layout_rooms,
          shapermc_ecumenical_altar_hornbeckon, serial_shops,
          nicolae_shop_crystal, minmay_crystal_room
D:2:      layout_loops_ring, kennysheep_decorative_pillar

Action                   || total
-------------------------++-------
Melee: Unarmed           ||    38
       Punch             ||     1
  Use: Scroll            ||     1
 Stab: Sleeping          ||     2
Armor: Robe              ||    12
Dodge: Dodged            ||    10

Table legend: (Time is in decaauts)
 A = Elapsed time spent in this place.
 B = Non-inter-level travel time spent in this place.
 C = Inter-level travel time spent in this place.
 D = Time resting spent in this place.
 E = Time spent auto-exploring this place.
 F = Levels seen in this place.
 G = Mean time per level.
                   A        B        C        D        E       F      G
               +--------+--------+--------+--------+--------+-----+--------+
         Total |    692 |    527 |    165 |      0 |    406 |   2 |  346.0 |
       Dungeon |    692 |    527 |    165 |      0 |    406 |   2 |  346.0 |
               +--------+--------+--------+--------+--------+-----+--------+

Top non-repeatable levels by time:
     D:1: 660 daAuts
     D:2: 31 daAuts
